[Event "Team 45 45 League T30"]
[Site "Internet Chess Club"]
[Date "2006.04.29"]
[Round "6"]
[White "ROWLAND"]
[Black "adingod"]
[Result "0-1"]
[WhiteElo "1918"]
[BlackElo "2002"]
[TimeControl "2700+45"]

1. e4 d6 2. d4 c5 3. dxc5 Qa5+ 4. Nc3 Qxc5 5. Nf3 Nf6 6. h3 Nc6 7. Bb5 Nxe4 8.
Be3 Nxc3 9. Bxc5 Nxd1 10. Rxd1 dxc5 11. Ne5 a6 12. Ba4 f6 13. Nxc6 Bd7 14. Na5
Bxa4 15. Nxb7 Bxc2 16. Rd2 Be4 17. Nxc5 Bxg2 18. Rg1 e5 19. Rxg2 Bxc5 20. Rc2
Rc8 21. Ke2 O-O 22. Rg1 Bd4 23. Rgc1 Rxc2+ 24. Rxc2 Rb8 25. b3 a5 26. Rc4 Rb4
27. Rc8+ Kf7 28. Ra8 Bb6 29. Rb8 Kg6 30. f3 Bc7 31. Rc8 Bb8 32. Rc5 a4 33. Rc3
axb3 34. Rxb3 Rxb3 35. axb3 Kf5 36. b4 Kf4 37. b5 Ba7 38. h4 Bb6 {White resigns}
0-1  aics% 



CAPATROSIAN(71): buenas hortalizas
aics%

[Event "ICC 45 45"]
[Site "Internet Chess Club"]
[Date "2006.04.29"]
[Round "6"]
[White "Div-anand"]
[Black "fileman"]
[Result "0-1"]
[WhiteElo "1880"]
[BlackElo "1938"]
[TimeControl "2700+45"]

1. e4 Nc6 2. Nf3 d6 3. d4 Nf6 4. d5 Nb8 5. Nbd2 e5 6. c4 Bg4 7. b3 a5 8. Bb2 Be7
9. Rc1 b6 10. a3 Nbd7 11. Bd3 O-O 12. Qc2 Nc5 13. O-O Nxd3 14. Qxd3 Nh5 15. b4
f5 16. c5 fxe4 17. Nxe4 Bxf3 18. gxf3 Nf4 19. Qd1 axb4 20. axb4 bxc5 21. bxc5
Qd7 22. Kh1 Ra2 23. Qb3 Qh3 24. Rg1 Rxb2 25. Qe3 Ne2 26. Rg3 Nxg3+ 27. Nxg3 Bg5
{White resigns} 0-1  aics%

[Event "Team 45 45 League T30"]
[Site "Internet Chess Club"]
[Date "2006.05.02"]
[Round "6"]
[White "BillyNoMates"]
[Black "Loco-Motif"]
[Result "1-0"]
[WhiteElo "1923"]
[BlackElo "1895"]
[TimeControl "2700+45"]

1. e4 e5 2. Nf3 Nf6 3. Nxe5 d6 4. Nf3 Nxe4 5. Qe2 Qe7 6. d3 Nf6 7. Bg5 Qxe2+ 8.
Bxe2 Be7 9. Nc3 c6 10. O-O Na6 11. d4 Nb4 12. a3 Nbd5 13. Nxd5 Nxd5 14. Bxe7
Nxe7 15. Rfe1 Be6 16. Bd3 h6 17. c4 Kd7 18. h3 f6 19. Re2 Rae8 20. Rae1 Bf7 21.
Nh4 g6 22. b3 Rhg8 23. a4 a5 24. Kh2 b6 25. Re3 g5 26. Nf5 Nxf5 27. Bxf5+ Kd8
28. Be6 Re7 29. Bxf7 Rxf7 30. Re6 Kd7 31. Kg3 h5 32. f3 h4+ 33. Kf2 b5 34. axb5
cxb5 35. cxb5 Rb8 36. R6e3 Rxb5 37. Rc1 f5 38. Ke2 f4 39. Re4 Rxb3 40. Ra1 Rb5
41. Kd3 Kc6 42. Ree1 Kb6 43. Re2 Rb3+ 44. Kc4 Rb4+ 45. Kd5 Rf5+ 46. Ke6 Rfb5 47.
Kxd6 Rxd4+ 48. Ke6 Rdb4 49. Kf6 Rc4 50. Re8 Rc6+ 51. Kf7 Kb7 52. Ra2 Ka7 53. Kf8
Rc7 54. Kg8 Ka6 55. Ra8+ Ra7 56. Rf8 Rb6 57. Kh8 Rh6+ 58. Kg8 Rb6 59. Kh8 Rc7
60. Ra8+ Ra7 61. Rxa7+ Kxa7 62. Rxa5+ {Black forfeits on time} 1-0  aics%

[Event "Team 45 45 League T30"]
[Site "Internet Chess Club"]
[Date "2006.05.01"]
[Round "6"]
[White "jayes"]
[Black "baumhauer"]
[Result "1-0"]
[WhiteElo "1948"]
[BlackElo "1945"]
[TimeControl "2700+45"]

1. e4 c5 2. Nf3 e6 3. d4 cxd4 4. Nxd4 a6 5. Nc3 Qc7 6. Be2 Nc6 7. Be3 Nf6 8. O-O
Bb4 9. Na4 Nxe4 10. Nxc6 Qxc6 11. Nb6 Rb8 12. Qd4 Bf8 13. Bf3 f5 14. Rad1 Rg8
15. b4 g5 16. Bh5+ Ke7 17. c4 Bg7 18. Qd3 Bf6 19. Rfe1 Rg7 20. f3 Nd6 21. Bc5
Kd8 22. Qxd6 Be7 23. Qxc6 bxc6 24. Rxe6 Bxc5+ 25. bxc5 Kc7 26. Re8 a5 27. Kf2 g4
28. f4 Ba6 29. Rxb8 Kxb8 30. Nxd7+ Kc7 31. Nb6 Re7 32. Re1 Kd8 33. Rxe7 Kxe7 34.
Ke3 Bb7 35. Kd4 Kf6 36. Nd7+ Ke7 37. Ne5 Kf6 38. Be8 {Black resigns} 1-0  aics%

[Event "Team 45 45 League T30"]
[Site "Internet Chess Club"]
[Date "2006.04.30"]
[Round "6"]
[White "room-matt"]
[Black "Boromir"]
[Result "0-1"]
[WhiteElo "1839"]
[BlackElo "1922"]
[TimeControl "2700+45"]

1. e4 c6 2. d4 d5 3. e5 c5 4. c3 Nc6 5. Nf3 cxd4 6. cxd4 Bg4 7. Be2 e6 8. Be3
Bxf3 9. Bxf3 Qb6 10. Qd2 Na5 11. O-O Nc4 12. Qc3 Qxb2 13. Qxb2 Nxb2 14. Nd2 Bb4
15. Be2 Bxd2 16. Bxd2 Nc4 17. Bb4 Ne7 18. Rac1 Rc8 19. Bd3 Kd7 20. Rc2 g6 21. h3
Rc7 22. Rfc1 Rhc8 23. Bxe7 Kxe7 24. g4 Kd8 25. f4 a6 26. h4 Ne3 27. Rxc7 Rxc7
28. Rxc7 Kxc7 29. g5 Nf5 30. Bxf5 exf5 31. Kf2 Kb6 32. Ke2 Kb5 33. Kd2 Kc4 34.
Ke3 b5 {White resigns} 0-1  aics%

[Event "Team 45 45 League T30"]
[Site "Internet Chess Club"]
[Date "2006.05.02"]
[Round "6"]
[White "JohnnySP"]
[Black "six-killer"]
[Result "0-1"]
[WhiteElo "1752"]
[BlackElo "1796"]
[TimeControl "2700+45"]

1. e4 c5 2. Nf3 d6 3. d4 cxd4 4. Nxd4 Nf6 5. Nc3 a6 6. Be3 e5 7. Nb3 Be6 8. f3
Be7 9. Qd2 O-O 10. O-O-O Nbd7 11. g4 Qc7 12. Kb1 b5 13. g5 Nh5 14. h4 Nb6 15.
Qf2 Nc4 16. Bxc4 bxc4 17. Nc1 Rfb8 18. Nd5 Bxd5 19. Rxd5 Qb7 20. b3 Qb4 21. Bd2
c3 22. Nd3 Qa3 23. Bc1 Qa4 24. Nb2 Qc6 25. Nd3 a5 26. Rh2 a4 27. f4 axb3 28.
cxb3 Qa4 29. b4 Rxb4+ 30. Nxb4 Qxb4+ 31. Ka1 Qxe4 32. Rb5 Nxf4 33. Bxf4 exf4 34.
Qc2 Qd4 35. Rh3 Qc4 36. Rb3 Qf1+ {White resigns} 0-1  aics%

[Event "Team 45 45 League T30"]
[Site "Internet Chess Club"]
[Date "2006.04.28"]
[Round "6"]
[White "RD1974"]
[Black "stakastra"]
[Result "1-0"]
[WhiteElo "1614"]
[BlackElo "1593"]
[TimeControl "2700+45"]

1. e4 e5 2. Bc4 Nf6 3. d3 h6 4. f4 Nc6 5. Nf3 d6 6. Nc3 Bg4 7. h3 Bh5 8. g4 Bg6
9. f5 Bh7 10. a3 Be7 11. Be3 Na5 12. Ba2 b6 13. Qd2 c6 14. O-O-O Nb7 15. Rdg1 d5
16. Nxe5 Bg8 17. Nxc6 Qc7 18. Nd4 dxe4 19. Bf4 Nd6 20. Ndb5 Qc6 21. Nxd6+ Bxd6
22. Bxd6 Qxd6 23. Re1 Kf8 24. Nxe4 Nxe4 25. Rxe4 f6 26. Be6 Bf7 27. Rhe1 Qc6 28.
Qb4+ Kg8 29. Bxf7+ Kxf7 30. Re7+ Kg8 31. Qb3+ Kh7 32. Rxg7+ Kxg7 33. Re7+ Kf8
34. Qf7# {Black checkmated} 1-0  aics%

[Event "Team 45 45 League T30"]
[Site "Internet Chess Club"]
[Date "2006.04.30"]
[Round "6"]
[White "pflotus"]
[Black "Rainbird"]
[Result "1/2-1/2"]
[WhiteElo "1483"]
[BlackElo "1688"]
[TimeControl "2700+45"]

1. c4 e6 2. Nc3 Nf6 3. e4 d5 4. exd5 exd5 5. d4 Bb4 6. Nf3 O-O 7. Bd3 Re8+ 8.
Be3 Bg4 9. O-O Nc6 10. a3 dxc4 11. Bxc4 Bf8 12. d5 Ne5 13. Be2 Bxf3 14. Bxf3
Nxf3+ 15. Qxf3 a6 16. Rac1 Qd7 17. Rfd1 Qg4 18. Qxg4 Nxg4 19. Bf4 Rac8 20. Na4
Re4 21. Bxc7 Rxa4 22. d6 Nf6 23. d7 Nxd7 24. Rxd7 Re8 25. g3 Rae4 26. Ba5 b5 27.
Rcc7 R4e7 28. b3 Rxd7 29. Rxd7 Bxa3 30. Ra7 Kf8 31. Rxa6 Re2 32. Kf1 Re6 33.
Rxe6 fxe6 34. Ke2 Ke7 35. Kd3 Bc5 36. f3 Kd6 37. Ke4 g6 38. Bc3 Ke7 39. g4 Bd6
40. h3 Kd7 41. Be5 Bc5 42. f4 Be7 43. f5 exf5+ 44. gxf5 Bg5 45. Bf4 gxf5+ 46.
Kxf5 Bxf4 47. Kxf4 Kd6 48. Kg5 Kc5 49. Kh6 Kb4 50. Kxh7 Kxb3 51. h4 Kc2 52. h5
b4 53. h6 b3 54. Kg8 b2 55. h7 b1=Q 56. h8=Q {Game drawn by mutual agreement}
1/2-1/2  aics%

[Event "Team 45 45 League T30"]
[Site "Internet Chess Club"]
[Date "2006.05.01"]
[Round "6"]
[White "clarinetref"]
[Black "Tomate"]
[Result "1-0"]
[WhiteElo "1605"]
[BlackElo "1375"]
[TimeControl "2700+45"]

1. Nf3 Nc6 2. d4 d5 3. g3 Bg4 4. Bg2 Bxf3 5. Bxf3 e6 6. O-O Nge7 7. e3 g6 8. b3
Bg7 9. Bb2 O-O 10. Bg2 f6 11. c4 Nb8 12. Nc3 c6 13. Re1 e5 14. dxe5 fxe5 15.
cxd5 Nxd5 16. Nxd5 cxd5 17. Bxd5+ Kh8 18. Bxb7 Nc6 19. Bxc6 Qf6 20. Qc2 Rac8 21.
Rac1 Qe6 22. Qe4 Qf6 23. f4 Qd6 24. Bxe5 Qd2 25. Bxg7+ Kxg7 26. Qd4+ {Black
resigns} 1-0  aics%

[Event "Team 45 45 League T30"]
[Site "Internet Chess Club"]
[Date "2006.04.29"]
[Round "6"]
[White "peterdiplaros"]
[Black "Just-Jim"]
[Result "1-0"]
[WhiteElo "1463"]
[BlackElo "1374"]
[TimeControl "2700+45"]

1. d4 d5 2. Nf3 Bf5 3. Nbd2 Nf6 4. Nh4 Bg4 5. h3 Bh5 6. c3 e6 7. g4 Bg6 8. Bg2
Nc6 9. Qb3 b6 10. c4 Ne7 11. Nxg6 Nxg6 12. Nf3 Bd6 13. Bg5 h6 14. Bxf6 Qxf6 15.
Qb5+ Ke7 16. cxd5 exd5 17. Qxd5 Bb4+ 18. Kf1 Nf4 19. Qe4+ Ne6 20. d5 Qxb2 21.
Rb1 Qa3 22. Rxb4 g6 23. dxe6 f5 24. gxf5 gxf5 25. Qh4+ Kxe6 26. Qc4+ Kd6 27.
Qd4+ Ke6 28. Qe5+ Kf7 29. Qxc7+ Kf6 30. Qd6+ Kg7 31. Qe7+ Kg6 32. Ne5+ Kh5 33.
Rh4# {Black checkmated} 1-0  aics%

[Event "Team 45 45 League T30"]
[Site "Internet Chess Club"]
[Date "2006.05.04"]
[Round "6"]
[White "mickeys"]
[Black "Ghostblaster"]
[Result "1-0"]
[WhiteElo "1725"]
[BlackElo "1598"]
[TimeControl "2700+45"]

1. d4 d5 2. c4 c6 3. Nf3 Nf6 4. e3 e6 5. Nc3 Bd6 6. a4 Nbd7 7. Bd3 O-O 8. O-O
Re8 9. e4 dxe4 10. Nxe4 Nxe4 11. Bxe4 Nf6 12. Bc2 c5 13. Bg5 cxd4 14. Qxd4 Be7
15. Rad1 Qa5 16. Qh4 h6 17. Bxh6 gxh6 18. Qxh6 Qh5 19. Qf4 b6 20. Rfe1 Bb7 21.
Re5 Qh8 22. Nd4 Kf8 23. Re3 Nh5 24. Nxe6+ Kg8 25. Qg4+ Ng7 26. Nc7 Qh5 27. Qxh5
Nxh5 28. Nxe8 Rxe8 29. Rd7 Bc6 30. Rdxe7 {Black resigns} 1-0  aics%

[Event "Team 45 45 League T30"]
[Site "Internet Chess Club"]
[Date "2006.04.28"]
[Round "6"]
[White "autobot"]
[Black "nursey"]
[Result "1-0"]
[WhiteElo "1671"]
[BlackElo "1649"]
[TimeControl "2700+45"]

1. d4 d5 2. Nf3 Nf6 3. e3 e6 4. Bd3 Bb4+ 5. c3 Bd6 6. Nbd2 O-O 7. e4 dxe4 8.
Nxe4 Nxe4 9. Bxe4 Nd7 10. O-O Nf6 11. Bc2 Nd5 12. Ng5 h6 13. Qd3 Nf6 14. Ne4 Re8
15. Bd2 Nxe4 16. Qxe4 f5 17. Qf3 Qh4 18. g3 Qf6 19. Bb3 Rd8 20. Rfe1 c5 21. Be3
cxd4 22. Bxd4 Qg6 23. Rad1 Be7 24. Qf4 b6 25. Qc7 Qf7 26. Qc6 Bd7 27. Qf3 Rac8
28. Be5 Bb5 29. Rxd8+ Rxd8 30. Bc7 Rd2 31. Bxe6 Qxe6 32. Rxe6 Bc5 33. Qxf5 Rxb2
34. Rg6 Rxf2 35. Qxf2 Bxf2+ 36. Kxf2 Bc4 37. Be5 Kf7 38. Rxg7+ Ke6 39. Bd4 Bxa2
40. Rxa7 Bc4 {Black resigns} 1-0  aics%

[Event "Team 45 45 League T30"]
[Site "Internet Chess Club"]
[Date "2006.05.01"]
[Round "6"]
[White "peatmoss"]
[Black "BenjaminSisko"]
[Result "0-1"]
[WhiteElo "1509"]
[BlackElo "1634"]
[TimeControl "2700+45"]

1. e4 e5 2. Nf3 Nc6 3. Bc4 Nf6 4. Ng5 d5 5. exd5 b5 6. Nxf7 Kxf7 7. dxc6+ bxc4
8. Nc3 Qe8 9. d3 Qxc6 10. O-O cxd3 11. Qxd3 Ba6 {White resigns} 0-1  aics%

[Event "Team 45 45 League T30"]
[Site "Internet Chess Club"]
[Date "2006.05.06"]
[Round "6"]
[White "mrmarck"]
[Black "kutch"]
[Result "0-1"]
[WhiteElo "1419"]
[BlackElo "1492"]
[TimeControl "2700+45"]

1. e4 d6 2. Nf3 g6 3. Bc4 Nf6 4. Ng5 e6 5. O-O Bg7 6. Nc3 O-O 7. d3 Nc6 8. Re1
e5 9. f4 h6 10. Nf3 exf4 11. Bxf4 Be6 12. Nd5 Nh5 13. Bc1 Qd7 14. c3 Bg4 15. Rf1
Ne5 16. Nxe5 Bxe5 17. Qd2 Bg7 18. Qf2 Be6 19. Nf4 Nxf4 20. Bxe6 Nxe6 21. Be3 b6
{White resigns} 0-1  aics%

[Event "Team 45 45 League T30"]
[Site "Internet Chess Club"]
[Date "2006.04.29"]
[Round "6"]
[White "Nomad"]
[Black "NotSoGreat"]
[Result "0-1"]
[WhiteElo "1931"]
[BlackElo "2278"]
[TimeControl "2700+45"]

1. e4 e5 2. Nf3 Nc6 3. Bb5 a6 4. Ba4 Nf6 5. O-O Be7 6. Re1 b5 7. Bb3 d6 8. c3
O-O 9. h3 Na5 10. Bc2 c5 11. d4 Nd7 12. Nbd2 exd4 13. cxd4 Nc6 14. Nf1 cxd4 15.
Nxd4 Nxd4 16. Qxd4 Ne5 17. Bf4 Bf6 18. Qb4 Be6 19. Rad1 Qc8 20. Ne3 Bxh3 21.
Bxe5 Bxe5 22. gxh3 Qxh3 23. Nf1 Rac8 24. Qb3 Qg4+ 25. Kh1 Rfe8 26. Rd3 Re6 27.
Ree3 Rh6+ 28. Rh3 Qxe4+ 29. Kg1 Rxh3 30. Rxh3 Qxc2 31. Qd5 Qg6+ 32. Kh1 h6 33.
Ng3 Rc2 34. Kg2 Qe6 35. Qf3 Rxb2 36. Qa8+ Kh7 37. Qe4+ Qg6 {White resigns} 0-1 
aics%

[Event "Team 45 45 League T30"]
[Site "Internet Chess Club"]
[Date "2006.04.30"]
[Round "6"]
[White "billarvola"]
[Black "Squaredance"]
[Result "1-0"]
[WhiteElo "1998"]
[BlackElo "1938"]
[TimeControl "2700+45"]

1. d4 d5 2. c4 Nc6 3. cxd5 Qxd5 4. e3 e5 5. Nc3 Bb4 6. Bd2 Bxc3 7. Bxc3 exd4 8.
Ne2 Nf6 9. Nxd4 O-O 10. Nxc6 Qxc6 11. Rc1 Bg4 12. f3 Rad8 13. Bd2 Qe6 14. Bc4
Qd7 15. Bb4 Rfe8 16. Qxd7 Bxd7 17. Kf2 Bc6 18. e4 Nd7 19. Rhd1 Nb6 20. Be2 Rd7
21. Rxd7 Nxd7 22. Rd1 Nb6 23. b3 h6 24. Bd3 Rd8 25. Bc2 Rxd1 26. Bxd1 f6 27. Bc2
Kf7 28. f4 Nd7 29. g3 b6 30. Ke3 a5 31. Bc3 Bb7 32. Bd3 Nc5 33. Bc4+ Ke7 34. e5
f5 35. Be1 Ne4 36. Bd3 c5 37. g4 g6 38. h4 Ke6 39. h5 gxh5 40. gxf5+ Kxf5 41. e6
Kxe6 42. Bxe4 Bc8 43. f5+ Kf7 44. Kf4 Bd7 45. Bf3 a4 46. Bxh5+ Kf8 47. Ke5 axb3
48. axb3 Bc6 49. Bd2 Bb5 50. Bxh6+ {Black forfeits on time} 1-0  aics%

[Event "Team 45 45 League T30"]
[Site "Internet Chess Club"]
[Date "2006.04.30"]
[Round "6"]
[White "Chessmurderer"]
[Black "nminwalla"]
[Result "0-1"]
[WhiteElo "1916"]
[BlackElo "2056"]
[TimeControl "2700+45"]

1. d4 d5 2. c4 e6 3. Nc3 Nf6 4. cxd5 exd5 5. Bg5 Be7 6. e3 c6 7. Qc2 Nbd7 8. Bd3
O-O 9. Nf3 Re8 10. O-O Nf8 11. h3 g6 12. Ne5 N6d7 13. Bf4 Ne6 14. Bg3 Nxe5 15.
Bxe5 Bf8 16. Rab1 Nc5 17. dxc5 Rxe5 18. Ne2 Bg7 19. Nd4 Re8 20. b4 Qg5 21. Nf3
Qh5 22. Nd4 Re5 23. Be2 Qh6 24. a4 Bxh3 25. Nf3 Bf5 26. Qd2 Bxb1 27. Nxe5 Bxe5
28. f4 Be4 29. fxe5 Qg5 30. Bd1 Qxe5 31. Rf4 Re8 32. Qf2 Re7 33. Qh4 f5 34. Kh2
Bd3 35. Qg5 Qxe3 36. Bh5 Kg7 37. Bf3 Qe6 38. Qg3 Be4 39. Bxe4 fxe4 40. Qe3 Qe5
41. g3 d4 42. Qb3 e3 {White resigns} 0-1  aics%

[Event "Team 45 45 League T30"]
[Site "Internet Chess Club"]
[Date "2006.05.06"]
[Round "6"]
[White "kabindra"]
[Black "tourettes"]
[Result "1-0"]
[WhiteElo "1885"]
[BlackElo "1704"]
[TimeControl "2700+45"]

1. e4 e6 2. d4 d5 3. Nc3 Bb4 4. Qd3 c5 5. a3 Bxc3+ 6. Qxc3 cxd4 7. Qxd4 Nc6 8.
Qxg7 Qf6 9. Qxf6 Nxf6 10. exd5 exd5 11. Bh6 Bf5 12. Bg7 Nd4 13. Bxf6 Nxc2+ 14.
Kd2 Nxa1 15. Bb5+ Bd7 16. Bxd7+ Kxd7 17. Bxh8 Rxh8 18. Nf3 Nb3+ 19. Kc3 Nc5 20.
Kd4 Kd6 21. Ng5 Ne6+ 22. Nxe6 fxe6 23. f4 Rc8 24. Kd3 Rc4 25. g3 h5 26. Re1 a5
27. b3 Rc6 28. Re5 Rc1 29. Rxh5 Rb1 30. Kc2 Ra1 31. a4 b6 32. h4 Rg1 33. Rg5
Rg2+ 34. Kd3 Rh2 35. Rg6 Kd7 36. Rg5 Kd6 37. h5 Kc5 38. g4 Rh3+ 39. Kc2 Kb4 40.
Re5 Rh2+ 41. Kd3 Rh4 42. Rxe6 Rxg4 43. Rxb6+ Kc5 44. Rb5+ Kc6 45. h6 Rxf4 46.
Rxa5 Rf3+ 47. Kd4 Rf4+ 48. Ke5 Rh4 49. Ra8 Kc5 50. Rc8+ Kb4 51. Rb8+ Ka5 52. Rh8
d4 53. h7 d3 54. Ra8+ Kb4 55. h8=Q Rxh8 56. Rxh8 Kxb3 57. Rd8 Kxa4 58. Rxd3 Kb4
59. Kd4 Kb5 60. Rc3 Kb4 61. Rc8 Kb5 62. Kd5 Kb4 63. Rc7 Kb3 64. Kd4 Kb4 65. Rb7+
Ka3 66. Kc4 Ka4 67. Ra7# {Black checkmated} 1-0  aics%

[Event "Team 45 45 League T30"]
[Site "Internet Chess Club"]
[Date "2006.05.06"]
[Round "6"]
[White "Legal"]
[Black "reinaroja"]
[Result "1-0"]
[WhiteElo "2060"]
[BlackElo "2140"]
[TimeControl "2700+45"]

1. Nf3 Nf6 2. g3 d5 3. c4 c6 4. b3 Bg4 5. Bg2 e6 6. O-O Nbd7 7. Bb2 Bd6 8. d4
O-O 9. Nbd2 Qe7 10. Ne5 Bf5 11. Re1 Ba3 12. Bxa3 Qxa3 13. Nxd7 Nxd7 14. e4 dxe4
15. Nxe4 a5 16. Qd2 Rfd8 17. Qc3 Bxe4 18. Bxe4 Nf6 19. Bg2 Qb4 20. Qb2 a4 21.
Red1 Ra6 22. Rab1 axb3 23. Qxb3 Qxb3 24. Rxb3 b5 25. cxb5 cxb5 26. a3 Nd5 27.
Rc1 g6 28. Rc5 b4 29. axb4 Ra1+ 30. Bf1 Rd1 31. b5 Rb8 32. Kg2 Rxd4 33. Be2 Kf8
34. Bf3 Ke7 35. Bxd5 Rxd5 36. Rxd5 exd5 37. Kf3 Kd6 38. Ke3 Re8+ 39. Kd3 Kc5 40.
b6 Rb8 41. b7 Kc6 42. Kd4 Rxb7 43. Rxb7 Kxb7 44. Kxd5 Kc7 45. Ke5 Kd7 46. Kf6
Ke8 47. Kg7 h5 48. Kf6 Kf8 49. f4 Kg8 50. f5 gxf5 51. Kxf5 Kg7 52. Kg5 f6+ 53.
Kxh5 Kh7 54. Kg4 Kg6 55. Kf4 Kf7 56. Kf5 Kg7 57. h4 Kf7 58. h5 Kg7 59. g4 {Black
resigns} 1-0  aics%

[Event "Team 45 45 League T30"]
[Site "Internet Chess Club"]
[Date "2006.05.03"]
[Round "6"]
[White "MiroslavR"]
[Black "jonesey"]
[Result "1/2-1/2"]
[WhiteElo "1969"]
[BlackElo "2032"]
[TimeControl "2700+45"]

1. e4 e5 2. Nf3 Nc6 3. Bb5 a6 4. Ba4 Nf6 5. O-O Be7 6. Re1 b5 7. Bb3 O-O 8. d3
Bb7 9. c3 d5 10. Qe2 dxe4 11. dxe4 Nd7 12. Nbd2 Na5 13. Bc2 Bf6 14. b3 Nc6 15.
Bb2 Qe7 16. b4 {Game drawn by mutual agreement} 1/2-1/2  aics%

[Event "Team 45 45 League T30"]
[Site "Internet Chess Club"]
[Date "2006.05.01"]
[Round "6"]
[White "Bort"]
[Black "Gandalf"]
[Result "0-1"]
[WhiteElo "1982"]
[BlackElo "1773"]
[TimeControl "2700+45"]

1. d4 d5 2. c4 c6 3. Nf3 Nf6 4. e3 Bf5 5. cxd5 cxd5 6. Qb3 Qc7 7. Bd2 Nc6 8. Bb5
e6 9. O-O Bd6 10. Bb4 O-O 11. Bxc6 Bxb4 12. Qxb4 bxc6 13. Nbd2 Rab8 14. Qc3 Rfc8
15. Rfc1 Qb6 16. Nb3 Ne4 17. Qe1 c5 18. Ne5 Qd6 19. f4 c4 20. Na5 Rxb2 21. Rcb1
Rcb8 22. Nec6 Rxb1 23. Rxb1 Rxb1 24. Qxb1 Qc7 25. Qb5 h5 26. Ne5 Qb6 27. Qxb6
axb6 28. Nac6 Nd6 29. Ne7+ Kf8 30. Nxf5 Nxf5 31. Kf2 Ke8 32. Ke2 f6 33. Nf3 Kd7
34. g3 Nd6 35. Ne1 Ne4 36. a3 Kc6 37. Nc2 Kb5 38. Kd1 Ka4 39. Kc1 Kb3 40. Kb1
Nd2+ 41. Kc1 Nf1 {White resigns} 0-1  aics%

[Event "Team 45 45 League T30"]
[Site "Internet Chess Club"]
[Date "2006.05.03"]
[Round "6"]
[White "Vitruvian"]
[Black "forketta"]
[Result "1/2-1/2"]
[WhiteElo "1944"]
[BlackElo "1968"]
[TimeControl "2700+45"]

1. e4 c5 2. c3 Nf6 3. e5 Nd5 4. d4 cxd4 5. Nf3 Nc6 6. Bc4 Nb6 7. Bb3 d5 8. exd6
Qxd6 9. cxd4 Be6 10. Bxe6 Qxe6+ 11. Be3 Nd5 12. Qd2 Qd6 13. O-O e6 14. Nc3 Be7
15. Rac1 O-O 16. Ne4 Qb8 17. Nc5 Rd8 18. Qe2 Bf6 19. Rfd1 Nce7 20. Ne4 a6 21.
Bg5 Bxg5 22. Nexg5 Qf4 23. Qe5 h6 24. Ne4 Nc6 25. Qxf4 Nxf4 26. Kf1 Rac8 27. g3
Nd5 28. Ne5 Nde7 29. Nf3 b6 30. g4 Rd5 31. Nc3 Rdd8 32. Na4 Nd5 33. Ne5 Nce7 34.
a3 Rxc1 35. Rxc1 Rc8 36. Rxc8+ Nxc8 37. Ke2 f6 38. Nd3 a5 39. Kd2 Kf7 40. Nc3
Nxc3 41. Kxc3 Nd6 42. f3 Ke7 43. a4 Kd7 44. Nf4 g5 45. Nh5 Ke7 46. Kd3 f5 47. h3
f4 48. b3 Nf7 49. Kc4 Nd6+ 50. Kd3 Nf7 {Game drawn by mutual agreement} 1/2-1/2 
aics%

[Event "Team 45 45 League T30"]
[Site "Internet Chess Club"]
[Date "2006.04.29"]
[Round "6"]
[White "SargentBono"]
[Black "houseofcook"]
[Result "1-0"]
[WhiteElo "1576"]
[BlackElo "1344"]
[TimeControl "2700+45"]

1. e4 e6 2. d4 d5 3. Nd2 Be7 4. e5 Nh6 5. Bd3 O-O 6. Ndf3 Nf5 7. Ne2 c5 8. c3
Nc6 9. O-O cxd4 10. cxd4 Qb6 11. Bc2 Bd7 12. Bxf5 exf5 13. b3 Be6 14. Bg5 h6 15.
Bxe7 Nxe7 16. Qd3 Rac8 17. Nc3 a6 18. Na4 Qb5 19. Qxb5 axb5 20. Nc5 Rc7 21. Rac1
Rfc8 22. Nd3 b6 23. Rxc7 Rxc7 24. Nb4 Bc8 25. h3 Rc3 26. Nd2 f4 27. Nb1 Rc7 28.
Rd1 Ng6 29. Nxd5 Rc2 30. Nxb6 Bf5 31. Na3 Nh4 {Black resigns} 1-0  aics%

[Event "Team 45 45 League T30"]
[Site "Internet Chess Club"]
[Date "2006.04.29"]
[Round "6"]
[White "arconia"]
[Black "mwm913"]
[Result "1-0"]
[WhiteElo "1367"]
[BlackElo "1293"]
[TimeControl "2700+45"]

1. e4 e5 2. f4 f6 3. Nf3 Nc6 4. Bc4 Bc5 5. fxe5 fxe5 6. c3 Nf6 7. d4 exd4 8.
cxd4 Bb4+ 9. Bd2 Bxd2+ 10. Nbxd2 d5 11. e5 Ne4 12. Bd3 Nxd2 13. Qxd2 Bg4 14. O-O
Bxf3 15. Rxf3 Nxd4 16. Rg3 Qe7 17. Re1 O-O-O 18. Qa5 Nc6 19. Qa4 a6 20. Bxa6
Nxe5 21. Bxb7+ Kxb7 22. Rb3+ Kc8 23. Qa8+ Kd7 24. Qa4+ Kc8 25. Rbe3 Qc5 26. Kh1
Nc4 27. Re7 Nb6 28. Qa7 g6 29. a4 Nc4 30. Qa8# {Black checkmated} 1-0  aics%

[Event "Team 45 45 League T30"]
[Site "Internet Chess Club"]
[Date "2006.05.01"]
[Round "6"]
[White "NineMilly"]
[Black "WzeroMN"]
[Result "0-1"]
[WhiteElo "1177"]
[BlackElo "1193"]
[TimeControl "2700+45"]

1. c4 c5 2. e4 e5 3. Nf3 Nc6 4. d3 Nf6 5. Bg5 Be7 6. Nbd2 d6 7. h3 Nd7 8. Be3
Nf6 9. g3 O-O 10. Bg2 Nb4 11. Qb3 Qb6 12. O-O Bd8 13. a3 Nc6 14. Qc3 Qa5 15. Qc2
b5 16. b4 cxb4 17. a4 bxc4 18. Nxc4 Qc7 19. Rac1 Ne7 20. d4 Ba6 21. dxe5 dxe5
22. Nfxe5 Rc8 23. Rfd1 Nc6 24. Nd6 b3 25. Qc3 b2 26. Qxb2 Rb8 27. Qa3 Be7 28.
Bc5 Nxe5 29. Qa2 Bxd6 30. Bxd6 Qb6 31. Bxf8 Rxf8 32. Qd2 Qb8 33. Bf1 Bxf1 34.
Qa5 Be2 35. Rf1 Bxf1 36. Kxf1 h6 37. Kg2 Ng6 38. Rc7 Qe8 39. f3 Qb8 40. Qc3 Ne8
41. Rc4 Nd6 42. Rc5 Rc8 43. Rxc8+ Nxc8 44. Qd4 Nce7 45. a5 a6 46. h4 h5 47. Kh3
Qc8+ 48. Kg2 Qc2+ 49. Kh3 Qc7 50. f4 Nf8 51. Qd3 Qd7+ 52. Qxd7 Nxd7 53. g4 hxg4+
54. Kxg4 Nc5 55. Kf3 Nb7 56. Ke3 Nxa5 57. Kd3 Nec6 58. Kc3 Kf8 59. Kb2 Ke7 60.
Ka3 Kd6 61. Ka4 Kc5 62. h5 Kd4 63. h6 gxh6 64. e5 Ke4 65. e6 fxe6 66. f5 Kxf5
67. Ka3 h5 68. Ka2 Kf4 69. Ka1 Kf3 70. Ka2 h4 71. Ka1 h3 72. Ka2 h2 73. Ka1
h1=Q+ 74. Ka2 Qg2+ 75. Ka1 Ke3 76. Kb1 Kd3 77. Kc1 Qc2# {White checkmated} 0-1 
aics%

[Event "Team 45 45 League T30"]
[Site "Internet Chess Club"]
[Date "2006.04.30"]
[Round "6"]
[White "PassTheGuard"]
[Black "Tom45"]
[Result "1-0"]
[WhiteElo "1208"]
[BlackElo "1183"]
[TimeControl "2700+45"]

1. e4 e5 2. Nf3 Nc6 3. g3 Nf6 4. d3 Bc5 5. Bg2 d6 6. Bg5 Bg4 7. Nbd2 O-O 8. h3
Bxf3 9. Nxf3 h6 10. Bd2 Qd7 11. Qe2 d5 12. O-O-O d4 13. Nh4 Ne7 14. Nf5 Nxf5 15.
exf5 Rae8 16. g4 Nd5 17. Bxd5 Qxd5 18. Kb1 e4 19. dxe4 Rxe4 20. Qf3 Rfe8 21. Bf4
Qd7 22. c3 b5 23. b4 Bd6 24. Bxd6 Qxd6 25. Qd3 c6 26. a3 a6 27. cxd4 Rxd4 28.
Qxd4 Qxd4 29. Rxd4 Re2 30. Rd6 Rxf2 31. Rxc6 f6 32. Rxa6 Kh7 33. Rb6 Rf3 34.
Rxb5 Rxa3 35. Kb2 Re3 36. Rc5 Re2+ 37. Kc3 Re3+ 38. Kd4 Rb3 39. Kc4 Rb2 40. b5
Rc2+ 41. Kd5 Re2 42. Kd6 Rd2+ 43. Kc6 g6 44. b6 gxf5 45. gxf5 Kg7 46. b7 Rd8 47.
Kc7 {Black resigns} 1-0  aics%

[Event "Team 45 45 League T30"]
[Site "Internet Chess Club"]
[Date "2006.04.29"]
[Round "6"]
[White "engeln"]
[Black "fuzzface"]
[Result "1-0"]
[WhiteElo "1422"]
[BlackElo "1350"]
[TimeControl "2700+45"]

1. d4 d5 2. c4 c6 3. Nc3 h6 4. Nf3 Bg4 5. h3 Bxf3 6. exf3 e6 7. Bd3 Nd7 8. O-O
c5 9. cxd5 cxd4 10. Ne2 e5 11. f4 Bd6 12. fxe5 Nxe5 13. Nxd4 Ne7 14. Be4 O-O 15.
f4 Nd7 16. Qg4 Nf6 17. Qf3 Nxe4 18. Qxe4 Re8 19. f5 Bc5 20. Qg4 Qd6 21. f6 Ng6
22. fxg7 Kh7 23. Kh1 Bxd4 24. Qxd4 Qe5 25. Qxe5 Nxe5 26. Bf4 Kxg7 27. Rac1 Nd3
28. Rc7 Re1 29. Rxe1 Nxe1 30. Bd2 Nd3 31. Bc3+ Kg6 32. Rxb7 Nf2+ 33. Kg1 Ne4 34.
Bd4 a6 35. Rb6+ Kh7 36. Be3 f6 37. Re6 Ng5 38. Rxf6 Rd8 39. d6 Rg8 40. d7 Nxh3+
41. Kh2 Ng5 42. Bxg5 hxg5 43. Rd6 Rd8 44. Kg3 Kg7 45. Kg4 Kf7 46. g3 Ke7 47.
Rxa6 Rxd7 48. Kxg5 Rd5+ 49. Kf4 Rb5 50. b3 Rb4+ 51. Kg5 Rb5+ 52. Kh6 Kf7 53. g4
Rb4 54. Rg6 Kf8 55. Kh5 Kf7 56. g5 Rb5 57. Rf6+ Kg7 58. Rg6+ Kf7 59. Kh6 Kf8 60.
Rf6+ Kg8 61. g6 Rb4 62. Rf5 Rh4+ 63. Rh5 Rg4 64. a4 Rb4 65. Rd5 Rb8 66. b4 Rf8
67. b5 Rf6 68. a5 Rf2 69. Rd8+ Rf8 70. Rxf8+ Kxf8 71. a6 {Black resigns} 1-0 
aics%